 Dungeon Crawl Stone Soup version 0.25-a0-589-g1e14c549ee (webtiles) character file.

Game seed: 11714419171928076124, levelgen mode: deterministic

35 Esekla the Ducker (level 3, 0/17 HPs)
             Began as a Spriggan Artificer on Mar 12, 2020.
             Slain by an adder (3 damage)
             ... on level 2 of the Dungeon.
             The game lasted 00:04:37 (1473 turns).

Esekla the Ducker (Spriggan Artificer)              Turns: 1473, Time: 00:04:38

Health: 0/17       AC:  4    Str:  8    XL:     3   Next: 17%
Magic:  7/7        EV: 19    Int: 13    God:
Gold:   49         SH:  0    Dex: 16    Spells: 2/2 levels left

rFire    . . .     SeeInvis +   a - +0 short sword
rCold    + . .     Gourm    .   (shield restricted)
rNeg     . . .     Faith    .   b - +0 robe
rPois    .         Spirit   .   (helmet restricted)
rElec    .         Reflect  .   (no cloak)
rCorr    .         Harm     .   (gloves unavailable)
MR       .....                  (boots unavailable)
Stlth    ++........             (no amulet)
HPRegen  0.05/turn              i - ring of wizardry
MPRegen  0.10/turn              (no ring)

@: lethally poisoned (0 -> -4), hasted, very quick
A: very small, unfitting armour, molten scales 1, see invisible, cold resistance
1, herbivore, speed 3, slow metabolism 2, subdued magic 1, MP-powered wands
a: no special abilities


You were on level 2 of the Dungeon.
You were not hungry.

You visited 1 branch of the dungeon, and saw 2 of its levels.

You collected 49 gold pieces.

Inventory:

Hand Weapons
 a - a +0 short sword (weapon)
Missiles
 h - 6 boomerangs (quivered)
Armour
 b - a +0 robe (worn)
 j - a +0 leather armour
Jewellery
 i - a ring of wizardry (left hand)
Wands
 c - a wand of flame (15)
 d - a wand of enslavement (15)
 e - a wand of random effects (15)
Scrolls
 g - a scroll of teleportation {unknown}
 l - a scroll of remove curse {unknown}
Potions
 n - a potion of might {unknown}
Comestibles
 f - 4 rations


   Skills:
 - Level 0.7 Fighting
 * Level 2.6 Short Blades
 + Level 4.2 Dodging
 + Level 1.6 Stealth
 - Level 4.0 Evocations


You had 2 spell levels left.
You didn't know any spells.
Your spell library was empty.

Dungeon Overview and Level Annotations

Branches:
Dungeon (2/15)

Altars:

Annotations:
D:2 Sigmund


Innate Abilities, Weirdness & Mutations

You are very small and have problems with some larger weapons.
You are too small for most types of armour.
You have supernaturally acute eyesight. (SInv)
You are a herbivore.
You cover ground extremely quickly.
You need to consume almost no food.
You are partially covered in molten scales. (AC +2)
Your flesh is cold resistant. (rC+)
Your spells are a little easier to cast, but a little less powerful.
You expend magic power (3 MP) to strengthen your wands.


Message History

The adder barely misses you.
You closely miss the adder.
The adder is heavily wounded.
The adder misses you.
You hit the adder.
The adder is severely wounded.
The adder bites you.
* * * LOW HITPOINT WARNING * * *
You are lethally poisoned!
The adder poisons you!
* * * LOW HITPOINT WARNING * * *
You feel sick.
It was a potion of mutation.
You feel extremely strange.
You feel resistant to cold.
Your connection to magic feels subdued.
Molten scales grow over part of your body.
You feel your magical essence link to the dungeon's wands.
The adder misses you.
It was a potion of haste.
You feel yourself speed up. The adder closely misses you. The adder bites you.
You die...

....#... ........
.......####
#........#
####........#
........#...#
####...#<#(.## #
.......S#....#.###
.....)..@.รท......#
.###........##.#.#
##.....!.# #
######.###.#
............#
#####.#.#####
...#.. ### ###


You could see an adder.

Vanquished Creatures
  An ooze (D:1)
  A dart slug (D:1)
  A giant cockroach (D:1)
  5 goblins (D:1)
  2 hobgoblins (D:1)
  2 jackals (D:1)
  7 bats (D:1)
  5 frilled lizards (D:1)
  2 kobolds (D:1)
  6 rats
32 creatures vanquished.

Notes
Turn   | Place    | Note
-------+----------+-------------------------------------------
     0 | D:1      | Esekla the Spriggan Artificer began the quest for the Orb.
     0 | D:1      | Reached XP level 1. HP: 9/9 MP: 4/4
   411 | D:1      | Reached XP level 2. HP: 14/14 MP: 6/6
  1069 | D:1      | Reached XP level 3. HP: 17/17 MP: 7/7
  1204 | D:2      | Noticed Sigmund
  1472 | D:2      | Gained mutation: Your flesh is cold resistant. (rC+)
                  | [potion of mutation]
  1472 | D:2      | Gained mutation: Your spells are a little easier to cast,
                  | but a little less powerful. [potion of mutation]
  1472 | D:2      | Gained mutation: You are partially covered in molten
                  | scales. (AC +2) [potion of mutation]
  1472 | D:2      | Gained mutation: You expend magic power (3 MP) to
                  | strengthen your wands. [potion of mutation]
  1473 | D:2      | Slain by an adder

Levels and vault maps discovered:
D:1:      mrwooster_arrival_statue_2, layout_basic
D:2:      layout_basic, cheibriados_altar_1, minmay_crystal_water, st_stairs_14,
          minmay_misc_feat_room, minmay_misc_feat_cross, lemuel_flame_loot_1,
          uniq_sigmund

Skill      XL: |  1  2 |
---------------+-------+-----
Dodging        | 4 |  4.2
Short Blades   | 2 |  2.6
Fighting       | |  0.7
Stealth        | |  1.6
Evocations     | |  4.0

Action                   || total
-------------------------++-------
Melee: Short sword       ||   125
Throw: Boomerang         ||     5
  Use: Potion            ||     2
 Stab: Sleeping          ||     1
Armor: Robe              ||    16
Dodge: Dodged            ||   114

Table legend:
 A = Non-vault XP
 B = Vault XP
 C = Vault XP percentage of total XP
 D = Non-vault monster count
 E = Vault monster count
 F = Vault count percentage of total count
                 A         B        C        D         E       F
            +---------+---------+-------+---------+---------+-------
      Total |      50 |       1 |   2.0 |      31 |       1 |   3.1
            +---------+---------+-------+---------+---------+-------
        D:1 |      50 |       0 |   0.0 |      31 |       0 |   0.0
        D:2 |       0 |       1 | 100.0 |       0 |       1 | 100.0
            +---------+---------+-------+---------+---------+-------
